 Dungeon Crawl Stone Soup version 0.20-a0-29-g41cc41e (webtiles) character file.

579 KristoblXynda the Twirler (level 7, 0/60 HPs)
             Began as a Naga Gladiator on Nov 7, 2016.
             Slain by a worker ant (7 damage)
             ... on level 4 of the Dungeon.
             The game lasted 00:05:54 (3117 turns).

KristoblXynda the Twirler (Naga Gladiator)          Turns: 3117, Time: 00:05:54

Health: 0/60       AC:  8    Str: 17    XL:     7   Next: 36%
Magic:  7/7        EV: 11    Int: 10    God:
Gold:   186        SH:  0    Dex: 12    Spells: 0 memorised, 6 levels left

rFire  + . .     SeeInvis +     a - +1 quarterstaff
rCold  . . .     Gourm    .     v - +2 robe {rF+}
rNeg   . . .     Faith    .     (shield currently unavailable)
rPois  +         Spirit   .     c - +1 helmet
rElec  .         Reflect  .     (no cloak)
rCorr  .         Harm     .     i - +0 pair of gloves
MR     .....                    (no barding)
Stlth  +.........               (no amulet)
                                (no ring)
                                (no ring)

@: very slow
A: see invisible, deformed body, poison resistance, slowness 2, slow metabolism
1, spit poison 1, AC +2
a: Spit Poison


You were on level 4 of the Dungeon.
You were not hungry.

You visited 1 branch of the dungeon, and saw 4 of its levels.
You also visited: Sewer.

You collected 186 gold pieces.

Inventory:

Hand Weapons
 a - a +1 quarterstaff (weapon)
Missiles
 d - 3 throwing nets (quivered)
 p - 4 javelins of returning
Armour
 c - a +1 helmet (worn)
 i - a +0 pair of gloves (worn)
 k - +0 fire dragon scales
 v - a +2 robe of fire resistance (worn)
Scrolls
 b - a scroll of identify
 l - a scroll of fear
 q - a scroll of enchant armour
Potions
 e - 7 potions of might
 h - 3 potions of haste {unknown}
 j - a potion of resistance
 n - a potion of curing
 r - a potion of magic {unknown}
 t - a potion of agility
Comestibles
 f - 3 bread rations
 o - 3 beef jerkies


   Skills:
 - Level 2.0 Fighting
 + Level 5.4 Staves
 - Level 2.0 Throwing
 + Level 3.2 Armour
 + Level 4.3 Dodging


You had 6 spell levels left.
You didn't know any spells.

Dungeon Overview and Level Annotations

Branches:
Dungeon (4/15)
 Temple: D:4-7

Altars:
Fedhas


Innate Abilities, Weirdness & Mutations

You cannot wear boots.
Your serpentine skin is tough. (AC +2)
You have supernaturally acute eyesight. (SInv)
Armour fits poorly on your strangely shaped body.
Your system is resistant to poisons. (rPois)
You cover ground very slowly.
You have a slow metabolism.
You can spit poison.


Message History

The shadow imp is moderately wounded.
The shadow imp hits you.
* * * LOW HITPOINT WARNING * * *
You barely miss the shadow imp.
The shadow imp is moderately wounded.
The shadow imp closely misses you.
You hit the shadow imp but do no damage.
The shadow imp is moderately wounded.
The shadow imp closely misses you.
You hit the shadow imp but do no damage.
The shadow imp is moderately wounded.
The shadow imp hits you.
* * * LOW HITPOINT WARNING * * *
You thump the shadow imp!
You kill the shadow imp!
The worker ant bites you.
* * * LOW HITPOINT WARNING * * *
You hit the worker ant but do no damage.
The worker ant bites you!
You die...

#### ####.....
##........ ####..##
#########....#@#
#......#..[.###a_..#
#.####......# w...#
#[# ####.### ♣.♣..#
#.# #..# .. .%# #.#
#.## .#. #. #.# #..
### #.# #.. #.# ###


You could see a worker ant and a dart slug.

Vanquished Creatures
  4 big kobolds (Sewer)
  A howler monkey (D:4)
  An iguana (D:4)
  Jessica (D:3)
  A worker ant (D:4)
  Terence (D:2)
  6 adders
  A shadow imp (D:4)
  3 oozes
  4 worms
  2 dart slugs
  3 leopard geckos
  An orc (D:3)
  5 giant cockroaches
  6 goblins
  6 hobgoblins
  2 jackals (D:3)
  4 quokkas
  4 ball pythons (Sewer)
  8 bats
  5 frilled lizards
  8 kobolds
  19 rats
96 creatures vanquished.

Notes
Turn   | Place    | Note
-------+----------+-------------------------------------------
     0 | D:1      | KristoblXynda the Naga Gladiator began the quest for the Orb.
     0 | D:1      | Reached XP level 1. HP: 19/19 MP: 1/1
   104 | D:1      | Reached XP level 2. HP: 19/26 MP: 2/2
   434 | D:1      | Reached XP level 3. HP: 32/32 MP: 3/3
   907 | D:2      | Noticed Terence
   917 | D:2      | Killed Terence
   917 | D:2      | Reached skill level 1 in Armour
   917 | D:2      | Reached XP level 4. HP: 26/39 MP: 4/4
  1641 | D:3      | Noticed Jessica
  1654 | D:3      | Killed Jessica
  1654 | D:3      | Reached skill level 4 in Staves
  1654 | D:3      | Reached XP level 5. HP: 26/45 MP: 5/5
  2420 | D:4      | Found a glowing drain.
  2462 | Sewer    | Entered a sewer
  2704 | Sewer    | Noticed a big kobold
  2705 | Sewer    | Noticed a big kobold
  2718 | Sewer    | Killed a big kobold
  2718 | Sewer    | Reached XP level 6. HP: 47/52 MP: 6/6
  2895 | Sewer    | Reached skill level 5 in Staves
  2901 | Sewer    | Reached XP level 7. HP: 48/60 MP: 7/7
  3089 | D:4      | Found a blossoming altar of Fedhas.
  3117 | D:4      | Slain by a worker ant

Vault maps used:
D:1:      scummos_arrival_simple_fountains, minmay_small_reverse_x
D:2:      first_bread, st_stairs_11, minmay_cut_off, uniq_terence
D:3:      uniq_jessica
D:4:      tgw_fedhas, gup_sewer_entry_glass, minmay_ruined_shrine
Sewer:    sewer_co_15_rooms

Skill      XL: |  1  2  3  4  5  6 |
---------------+-------------------+-----
Throwing       | 2 |  2.0
Armour         | 1 2 3 |  3.2
Dodging        | 3 4 |  4.3
Staves         | 4 5 |  5.4
Fighting       | |  2.0

Action                   |  1- 3 |  4- 6 |  7- 9 || total
-------------------------+-------+-------+-------++-------
Melee: Quarterstaff      |    65 |   209 |    34 ||   308
 Abil: Spit Poison       |     3 |     2 |       ||     5
  Use: Scroll            |       |     9 |       ||     9
       Potion            |       |     4 |       ||     4
 Stab: Sleeping          |       |     1 |       ||     1
  Eat: Chunk             |       |     2 |       ||     2
       Meat ration       |       |     1 |       ||     1
Armor: Leather armour    |    14 |    25 |       ||    39
       Robe              |       |    69 |     4 ||    73
Dodge: Dodged            |    40 |   160 |    18 ||   218
